 Dungeon Crawl Stone Soup version 0.28-a0-1435-g82390b3a13 (webtiles) character file.

Game seed: 8553890009219613980

135 Lekart the Skirmisher (level 4, -2/40 HPs)
             Began as a Draconian Fighter on Jan 9, 2022.
             Succumbed to Sigmund's poison
             ... on level 3 of the Dungeon.
             The game lasted 00:03:23 (2254 turns).

Lekart the Skirmisher (Draconian Fighter)           Turns: 2254, Time: 00:03:24

Health: -2/40      AC:  5    Str: 18    XL:     4   Next: 96%
Magic:  4/4        EV: 12    Int:  9    God:
Gold:   97         SH:  4    Dex: 12    Spells: 3/3 levels left

rFire   . . .      SeeInvis .   a - +0 long sword
rCold   . . .      Faith    .   b - +0 buckler
rNeg    . . .      Spirit   .   (armour unavailable)
rPois   .          Reflect  .   (helmet restricted)
rElec   .          Harm     .   (no cloak)
rCorr   .          Rampage  .   (no gloves)
Will    .....                   (no boots)
Stlth   +.........              (no amulet)
HPRegen 0.13/turn               (no ring)
MPRegen 0.09/turn               (no ring)

@: mighty, lethally poisoned (-2 -> -18), hasted, very quick
A: AC +5, unfitting armour, cold-blooded
a: no special abilities


You were on level 3 of the Dungeon.
You visited 1 branch of the dungeon, and saw 3 of its levels.

You collected 97 gold pieces.

Inventory:

Hand Weapons
 a - a +0 long sword (weapon)
Armour
 b - a +0 buckler (worn)
Jewellery
 f - a ring of protection from fire
Scrolls
 g - 2 scrolls of identify {unknown}
 h - a scroll of torment {unknown}
 j - a scroll of teleportation {unknown}
 l - a scroll of blinking {unknown}
Potions
 d - a potion of magic
 k - a potion of flight {unknown}
 m - a potion of degeneration {unknown}


   Skills:
 + Level 4.2 Fighting
 + Level 3.5 Long Blades
 + Level 3.3 Dodging
 + Level 0.3 Stealth
 + Level 3.4 Shields


You had 3 spell levels left.
You didn't know any spells.
Your spell library contained the following spells:

 Spells                   Type           Power      Damage    Failure   Level
 Magic Dart               Conj           0%         1d3       47%         1
 Searing Ray              Conj           0%         2d4       63%         2
 Fulminant Prism          Conj/Hex       0%         3d6       99%         4


Dungeon Overview and Level Annotations

Branches:
Dungeon (3/15)

Altars:

Annotations:
D:3 Sigmund


Innate Abilities, Weirdness & Mutations

Your plain brown scales are hard. (AC +5)
You cannot fit into any form of body armour.
You are cold-blooded and may be slowed by cold attacks.


Message History

You slash the endoplasm!
You kill the endoplasm!
m - a red potion No target in view!
Sigmund the Dreaded comes into view.
He is wielding a +5 scythe of venom.
Sigmund shouts!
Sigmund is nearby!
Sigmund closely misses you.
Sigmund is nearby!
Sigmund hits you with a +5 scythe of venom!
You are poisoned.
Sigmund is nearby!
You slash Sigmund!
Sigmund is moderately wounded.
You feel very sick. Sigmund casts a spell at you. You resist with some effort.
You barely miss Sigmund.
Sigmund is moderately wounded.
You feel sick. Sigmund casts a spell at you. You resist with some effort.
You are too injured to fight recklessly!
You are too injured to fight recklessly!
You are too injured to fight recklessly!
You are too injured to fight recklessly!
You feel very mighty all of a sudden.
You feel sick.
Sigmund hits you with a +5 scythe of venom!
* * * LOW HITPOINT WARNING * * *
You are lethally poisoned!
It was a potion of magic.
Magic courses through your body.
* * * LOW HITPOINT WARNING * * *
You feel very sick.
It was a potion of curing.
You feel better.
Sigmund hits you with a +5 scythe of venom!
* * * LOW HITPOINT WARNING * * *
You are lethally poisoned!
It was a potion of haste.
You feel yourself speed up.
You die...

#...# #...#
####...####
##.........#
...........#
##.........#
####...####
#...#########
#.....@@....#
##.########.#
#.. #.. #..
#.. ...


You could see Sigmund.

Vanquished Creatures
  A water moccasin skeleton (D:3)
  Ijyb (D:3)
  An adder (D:2)
  3 dart slugs
  6 endoplasms
  A giant cockroach (D:3)
  3 goblins
  2 hobgoblins (D:2)
  2 quokkas
  7 ball pythons
  8 bats
  2 frilled lizards (D:2)
  A kobold (D:2)
  3 rats
41 creatures vanquished.

Notes
Turn   | Place    | Note
-------+----------+-------------------------------------------
     0 | D:1      | Lekart the Draconian Fighter began the quest for the Orb.
     0 | D:1      | Reached XP level 1. HP: 19/19 MP: 1/1
   242 | D:1      | Reached XP level 2. HP: 24/26 MP: 2/2
  1071 | D:2      | Reached XP level 3. HP: 33/33 MP: 3/3
  1152 | D:2      | Reached skill level 4 in Fighting
  1827 | D:3      | Reached XP level 4. HP: 16/40 MP: 4/4
  1976 | D:3      | Noticed Ijyb
  1985 | D:3      | Paralysed by Ijyb for 4 turns
  1992 | D:3      | Killed Ijyb
  2245 | D:3      | Noticed Sigmund
  2253 | D:3      | HP: 1/40 [Sigmund (8)]
  2254 | D:3      | Succumbed to Sigmund's poison

Illustrated notes

Levels and vault maps discovered:
D:1:      onia_arrival_mini_spirals, layout_basic, solitary_fountain,
          minmay_misc_feat_four_crosses
D:2:      layout_loops_ring
D:3:      layout_loops_ring, general_overflow_altar,
          hellmonk_ecumenical_altar_dog_temple, uniq_terence, uniq_ijyb,
          uniq_sigmund

Skill      XL: |  1  2  3 |
---------------+----------+-----
Dodging        | 3 |  3.3
Fighting       | 4 |  4.2
Long Blades    | 3 |  3.5
Stealth        | |  0.3
Shields        | |  3.4

Action                   |  1- 3 |  4- 6 || total
-------------------------+-------+-------++-------
Melee: Long sword        |    92 |    12 ||   104
       Tailslap          |     9 |     2 ||    11
  Use: Potion            |       |     5 ||     5
Armor: Skin              |    32 |     2 ||    34
Dodge: Dodged            |    58 |     4 ||    62
Block: Buckler           |    22 |     1 ||    23

Table legend: (Time is in decaauts)
 A = Elapsed time spent in this place.
 B = Non-inter-level travel time spent in this place.
 C = Inter-level travel time spent in this place.
 D = Time resting spent in this place.
 E = Time spent auto-exploring this place.
 F = Levels seen in this place.
 G = Mean time per level.
                   A        B        C        D        E       F      G
               +--------+--------+--------+--------+--------+-----+--------+
         Total |   2291 |   2263 |     28 |    154 |   1813 |   3 |  763.7 |
       Dungeon |   2291 |   2263 |     28 |    154 |   1813 |   3 |  763.7 |
               +--------+--------+--------+--------+--------+-----+--------+

Top non-repeatable levels by time:
     D:1: 879 daAuts
     D:2: 871 daAuts
     D:3: 540 daAuts
